 Dungeon Sprint DCSS version 0.28-a0-1555-g9ae15a6949 (webtiles) character file.

Game seed: 903008136767433625

51488 Grognak the Skullcrusher (level 14, 0/168 HPs)
             Began as a Minotaur Berserker on Jan 19, 2022.
             Was the Champion of Trog.
             Slain by a tengu warrior (3 damage)
             ... in the Dungeon (Sprint IX: "|||||||||||||||||||||||||||||").
             The game lasted 00:08:54 (3703 turns).

Grognak the Skullcrusher (Minotaur Berserker)       Turns: 3703, Time: 00:08:54

Health: 0/168      AC: 30    Str: 24    XL:     14   Next: 23%
Magic:  13/13      EV: 16    Int:  7    God:    Trog [******]
Gold:   1777       SH:  0    Dex: 13    Spells: 13/13 levels left

rFire   . . .      SeeInvis .   b - +8 great mace (flame)
rCold   . . .      Faith    .   (shield currently unavailable)
rNeg    . . .      Spirit   .   n - +2 plate armour
rPois   +          Reflect  .   (helmet restricted)
rElec   .          Harm     .   v - +2 cloak {rPois}
rCorr   .          Rampage  .   m - +0 pair of gloves
Will    +....      NoTele   +   C - +1 pair of boots
Stlth   ..........              (no amulet)
HPRegen 0.38/turn               p - +2 ring of evasion
MPRegen 0.13/turn               o - +3 ring of intelligence

@: no status effects
A: horns 2, retaliatory headbutt
a: Renounce Religion, Berserk, Trog's Hand, Brothers in Arms


You were in the Dungeon.
You worshipped Trog.
Trog was exalted by your worship.
You visited 1 branch You collected 1955 gold pieces.
You spent 178 gold pieces at shops.

Inventory:

Hand Weapons
 a - a +0 mace
 b - a +8 great mace of flaming (weapon)
 k - a +2 dire flail of protection
Armour
 d - a +0 kite shield
 m - a +0 pair of gloves (worn)
 n - a +2 plate armour (worn)
 v - a +2 cloak of poison resistance (worn)
 C - a +1 pair of boots (worn)
Jewellery
 o - a +3 ring of intelligence (right hand)
 p - a +2 ring of evasion (left hand)
 y - a ring of see invisible
 z - a ring of poison resistance
 A - a ring of fire
 B - a ring of protection from cold
Wands
 j - a wand of iceblast (10) (quivered)
 u - a wand of polymorph (13)
Scrolls
 h - 2 scrolls of blinking
 l - a scroll of identify
 s - 3 scrolls of fog
 w - a scroll of vulnerability
Potions
 c - 3 potions of curing
 e - a potion of haste
 f - 4 potions of magic
 g - 3 potions of berserk rage
 q - 3 potions of might
 t - a potion of degeneration {unknown}
 x - a potion of cancellation {unknown}


   Skills:
 O Level 27 Fighting
 O Level 27 Maces & Flails
 * Level 21.4 Armour
 * Level 15.9 Dodging
 + Level 2.3 Stealth
 + Level 2.5 Unarmed Combat


You had 13 spell levels left.
You didn't know any spells.
Your spell library was empty.

Dungeon Overview and Level Annotations

Branches:
Dungeon (1/1)

Altars:
Cheibriados
Dithmenos
Elyvilon
Fedhas
Gozag
Hepliaklqana
Kikubaaqudgha
Makhleb
Nemelex Xobeh
Okawaru
Qazlal
Ru
Sif Muna
Trog
Uskayaw
Vehumet
Wu Jian
Xom
Yredelemnul
Zin
The Shining One
Beogh
Jiyva
Lugonu

Shops:
D *[((


Innate Abilities, Weirdness & Mutations

You have a pair of horns on your head.
You reflexively headbutt those who attack you in melee.


Message History

* * * LOW HITPOINT WARNING * * *
The fire giant burns you.
* * * LOW HITPOINT WARNING * * *
The fire giant hits you with a +1 great sword of flaming!!
* * * LOW HITPOINT WARNING * * *
The fire giant burns you!
* * * LOW HITPOINT WARNING * * *
You beat the fire giant like a drum!!!
You burn the fire giant.
The fire giant is heavily wounded.
You recover from your berserk rage.
You bludgeon the fire giant!! You burn the fire giant.
The fire giant is severely wounded.
The fire giant hits you but does no damage.
Unknown command.
You bludgeon the fire giant!! You headbutt the fire giant.
You kill the fire giant!
Trog accepts your kill.
Trog appreciates your killing of a magic user.
You have mastered Fighting!
You bludgeon the ice dragon!! You burn the ice dragon!
You headbutt the ice dragon.
The ice dragon is heavily wounded.
The ice dragon barely misses you. You furiously retaliate!
You headbutt the ice dragon, but do no damage.
The ice dragon claws you but does no damage.
The ice dragon tramples you.
* * * LOW HITPOINT WARNING * * *
You hold your ground!
You beat the ice dragon like a drum!!!
You burn the ice dragon!!
You kill the ice dragon!
Trog accepts your kill.
You sock the tengu warrior! You burn the tengu warrior.
The tengu warrior is lightly wounded.
Unknown command.
You bludgeon the tengu warrior!! You burn the tengu warrior.
The tengu warrior is heavily wounded.
The tengu warrior hits you with a +2 broad axe of flaming!
* * * LOW HITPOINT WARNING * * *
The tengu warrior burns you.
You die...

▓▓▓▓▓▓▓▓▓▓▓▓▓▓▓▓▓▓
).........D.QC...▓
▓▓▓▓▓▓▓▓▓▓▓▓▓▓▓▓Q▓
................@▓
▓▓▓▓▓▓▓▓▓▓▓▓▓▓▓▓▓▓
.')..............▓
▓▓▓▓▓▓▓▓▓▓▓▓▓▓▓▓.▓
.................▓
▓▓▓▓▓▓▓▓▓▓▓▓▓▓▓▓▓▓
)).....'.........▓
▓▓▓▓▓▓▓▓▓▓▓▓▓▓▓▓.▓
.................▓


You could see a tengu warrior.

Vanquished Creatures
  A lich (D)
  Agnes (D)
  Donald (D)
  A nagaraja (D)
  2 frost giants (D)
  A fire giant (D)
  2 stone giants (D)
  A broodmother (D)
  A very ugly thing (D)
  A bunyip (D)
  2 ettins (D)
  Snorg (D)
  2 fire dragons (D)
  A great orb of eyes (D)
  A ghost crab (D)
  A spriggan air mage (D)
  5 hydras (D)
  Erolcha (D)
  An ice dragon (D)
  An anaconda (D)
  A merfolk avatar (D)
  2 centaur warriors (D)
  A tengu warrior (D)
  A naga sharpshooter (D)
  8 orc high priests (D)
  2 shock serpents (D)
  Sonja (D)
  A spriggan (D)
  2 pharaoh ants (D)
  A goliath frog (D)
  A spriggan druid (D)
  A sea snake (D)
  A steelbarb worm (D)
  A glowing orange brain (D)
  A wizard (D)
  A harpy (D)
  A bog body (D)
  2 deep elf pyromancers (D)
  2 orc knights (D)
  A mana viper (D)
  2 manticores (D)
  A naga mage (D)
  Maurice (D)
  A black mamba (D)
  4 cane toads (D)
  2 torpor snails (D)
  2 gargoyles (D)
  Psyche (D)
  A tengu conjurer (D)
  A demonic crawler (D)
  A komodo dragon (D)
  2 hornets (D)
  A troll (D)
  A tyrant leech (D)
  8 polar bears (D)
  A slime creature (D)
  2 snapping turtles (D)
  A dream sheep (D)
  A jumping spider (D)
  3 yaks (D)
  2 basilisks (D)
  A wyvern (D)
  A redback (D)
  A naga (D)
  3 water moccasins (D)
  11 orc warriors (D)
  A black bear (D)
  A centaur (D)
  3 bullfrogs (D)
  8 orc priests (D)
  A hound (D)
  2 orc wizards (D)
  An adder (D)
  An adder zombie (D)
  8 orcs (D)
  An endoplasm (D)
  A goblin (D)
  A jackal (D)
  A quokka (D)
  A bat (D)
  A kobold (D)
  A rat (D)
149 creatures vanquished.

Vanquished Creatures (collateral kills)
  A sphinx (D)
  2 fire dragons (D)
  A merfolk impaler (D)
  A boulder beetle (D)
  A deep troll shaman (D)
  A sea snake (D)
  A merfolk (D)
8 creatures vanquished.

Vanquished Creatures (others)
  A vampire (D)
1 creature vanquished.

Grand Total: 158 creatures vanquished

Notes
Turn   | Place    | Note
-------+----------+-------------------------------------------
     0 | D        | Grognak the Minotaur Berserker began the quest for the Orb.
     0 | D        | Reached XP level 1. HP: 19/19 MP: 0/0
     8 | D        | Reached ** piety under Trog
    15 | D        | Noticed a hound
    20 | D        | Reached skill level 5 in Fighting
    20 | D        | Reached skill level 5 in Maces & Flails
    20 | D        | Reached XP level 2. HP: 29/29 MP: 1/1
    21 | D        | Reached *** piety under Trog
    22 | D        | Reached XP level 3. HP: 37/37 MP: 2/2
    31 | D        | Found a snail-covered altar of Cheibriados.
    31 | D        | Found a shadowy altar of Dithmenos.
    31 | D        | Found a white marble altar of Elyvilon.
    31 | D        | Found a blossoming altar of Fedhas.
    31 | D        | Found an opulent altar of Gozag.
    32 | D        | Found a hazy altar of Hepliaklqana.
    33 | D        | Found a viscous altar of Jiyva.
    34 | D        | Found an ancient bone altar of Kikubaaqudgha.
    35 | D        | Found a corrupted altar of Lugonu.
    36 | D        | Found a burning altar of Makhleb.
    37 | D        | Found a sparkling altar of Nemelex Xobeh.
    38 | D        | Found an iron altar of Okawaru.
    39 | D        | Found a stormy altar of Qazlal.
    40 | D        | Found a sacrificial altar of Ru.
    41 | D        | Found a shimmering blue altar of Sif Muna.
    42 | D        | Found a bloodstained altar of Trog.
    43 | D        | Found a hide-covered altar of Uskayaw.
    44 | D        | Found a radiant altar of Vehumet.
    45 | D        | Found an ornate altar of the Wu Jian Council.
    46 | D        | Found a shimmering altar of Xom.
    47 | D        | Found a basalt altar of Yredelemnul.
    48 | D        | Found a glowing silver altar of Zin.
    49 | D        | Found a glowing golden altar of the Shining One.
    99 | D        | Noticed a wyvern
    99 | D        | Noticed a yak
    99 | D        | Noticed a troll
    99 | D        | Noticed a yak
    99 | D        | Noticed a yak
   107 | D        | Killed a yak
   108 | D        | Reached XP level 4. HP: 49/49 MP: 3/3
   108 | D        | Reached XP level 5. HP: 56/56 MP: 4/4
   111 | D        | Killed a yak
   111 | D        | Reached **** piety under Trog
   112 | D        | Reached skill level 10 in Fighting
   112 | D        | Reached skill level 10 in Maces & Flails
   112 | D        | Reached skill level 5 in Armour
   112 | D        | Reached skill level 5 in Dodging
   112 | D        | Reached XP level 6. HP: 67/67 MP: 5/5
   113 | D        | Killed a troll
   114 | D        | Reached XP level 7. HP: 74/74 MP: 6/6
   117 | D        | Killed a yak
   118 | D        | Killed a wyvern
   120 | D        | Reached ***** piety under Trog
   214 | D        | Noticed a gargoyle
   214 | D        | Noticed a centaur warrior
   214 | D        | Noticed a vampire
   214 | D        | Noticed a deep elf pyromancer
   214 | D        | Noticed a gargoyle
   218 | D        | Killed a gargoyle
   219 | D        | Reached XP level 8. HP: 86/86 MP: 7/7
   223 | D        | Killed a deep elf pyromancer
   224 | D        | Reached skill level 15 in Maces & Flails
   229 | D        | Received a gift from Trog
   235 | D        | Killed a centaur warrior
   236 | D        | Reached XP level 9. HP: 60/96 MP: 8/8
   238 | D        | Killed a gargoyle
   239 | D        | Reached skill level 15 in Fighting
   483 | D        | Noticed a cane toad
   487 | D        | Noticed a cane toad
   490 | D        | Noticed a seven-headed hydra
   499 | D        | Killed a cane toad
   499 | D        | Received a gift from Trog
   503 | D        | Killed a cane toad
   506 | D        | Killed a seven-headed hydra
   507 | D        | Reached XP level 10. HP: 108/108 MP: 9/9
   535 | D        | Noticed a cane toad
   535 | D        | Noticed a cane toad
   542 | D        | Killed a cane toad
   546 | D        | Received a gift from Trog
   547 | D        | Reached skill level 10 in Armour
   548 | D        | Noticed a four-headed hydra
   549 | D        | Killed a cane toad
   560 | D        | Killed a four-headed hydra
   617 | D        | Received a gift from Trog
   626 | D        | Reached skill level 10 in Dodging
   628 | D        | Reached ****** piety under Trog
   636 | D        | Reached XP level 11. HP: 76/118 MP: 10/10
   934 | D        | Noticed Erolcha
   938 | D        | Killed Erolcha
  1020 | D        | Received a gift from Trog
  1023 | D        | Noticed an orc high priest
  1036 | D        | Killed an orc high priest
  1042 | D        | Received a gift from Trog
  1181 | D        | Noticed an orc high priest
  1181 | D        | Noticed an orc knight
  1185 | D        | Killed an orc knight
  1201 | D        | Noticed an orc knight
  1202 | D        | Killed an orc high priest
  1212 | D        | Killed an orc knight
  1212 | D        | Received a gift from Trog
  1352 | D        | Found Zug Gian's Weapon Boutique.
  1352 | D        | Noticed an orc high priest
  1352 | D        | Noticed an orc high priest
  1352 | D        | Noticed an orc high priest
  1356 | D        | Found Catir's Antique Weapon Shop.
  1356 | D        | Noticed an orc high priest
  1359 | D        | Killed an orc high priest
  1362 | D        | Killed an orc high priest
  1365 | D        | Killed an orc high priest
  1368 | D        | Found Senofia's Antique Armour Boutique.
  1370 | D        | Found Quufope's Assorted Antiques.
  1370 | D        | Noticed an orc high priest
  1372 | D        | Killed an orc high priest
  1372 | D        | Received a gift from Trog
  1377 | D        | Noticed a sixfirhy
  1378 | D        | Noticed an orc high priest
  1385 | D        | Killed an orc high priest
  1399 | D        | Killed an orc high priest
  1421 | D        | Bought a runed cloak for 127 gold pieces
  1421 | D        | Bought a scroll labelled FIJ KIN IDGHAKU for 17 gold pieces
  1421 | D        | Bought a scroll labelled REWUDUMONE for 17 gold pieces
  1421 | D        | Bought a scroll labelled REWUDUMONE for 17 gold pieces
  1601 | D        | Noticed Sonja
  1605 | D        | Killed Sonja
  1605 | D        | Received a gift from Trog
  1606 | D        | Reached XP level 12. HP: 116/134 MP: 11/11
  1621 | D        | Noticed Maurice
  1642 | D        | Killed Maurice
  1673 | D        | Noticed Psyche
  1687 | D        | Killed Psyche
  1688 | D        | Reached skill level 15 in Armour
  1934 | D        | Found the +8 glaive of the Guard {elec, spectral, AC+5}
  2008 | D        | Noticed a boulder beetle
  2008 | D        | Noticed a centaur warrior
  2008 | D        | Noticed a four-headed hydra
  2017 | D        | Killed a four-headed hydra
  2018 | D        | Received a gift from Trog
  2019 | D        | Noticed a stone giant
  2020 | D        | Noticed a tengu warrior
  2023 | D        | Killed a centaur warrior
  2023 | D        | Noticed a fire dragon
  2024 | D        | Noticed a fire dragon
  2031 | D        | Reached skill level 1 in Unarmed Combat
  2033 | D        | Noticed a deep troll shaman
  2034 | D        | Killed a stone giant
  2037 | D        | Killed a tengu warrior
  2042 | D        | Killed a fire dragon
  2042 | D        | Received a gift from Trog
  2046 | D        | Killed a fire dragon
  2047 | D        | Noticed a sphinx
  2048 | D        | Killed a deep troll shaman
  2052 | D        | Killed a sphinx
  2053 | D        | Noticed a fire dragon
  2055 | D        | Killed a boulder beetle
  2056 | D        | Noticed an ettin
  2057 | D        | Killed a fire dragon
  2063 | D        | Killed an ettin
  2063 | D        | Received a gift from Trog
  2275 | D        | Noticed Agnes
  2283 | D        | Killed Agnes
  2384 | D        | Noticed a broodmother
  2391 | D        | Reached XP level 13. HP: 147/147 MP: 12/12
  2392 | D        | Killed a broodmother
  2404 | D        | Received a gift from Trog
  2481 | D        | Noticed a merfolk impaler
  2501 | D        | Killed a merfolk impaler
  2684 | D        | Noticed a bunyip
  2692 | D        | Identified the +6 rapier "Tiuxzake" {vorpal, rC+ rCorr}
                  | (Trog gifted it to you in the Dungeon)
  2692 | D        | Received a gift from Trog
  2701 | D        | Killed a bunyip
  2706 | D        | Received a gift from Trog
  2707 | D        | HP: 1/151 [bog body (18)]
  3228 | D        | Noticed a nagaraja
  3245 | D        | Killed a nagaraja
  3245 | D        | Received a gift from Trog
  3480 | D        | Noticed Donald
  3487 | D        | Killed Donald
  3578 | D        | Noticed Snorg
  3584 | D        | Killed Snorg
  3634 | D        | Noticed a cyan very ugly thing
  3634 | D        | Noticed an ettin
  3634 | D        | Noticed a stone giant
  3640 | D        | Killed a stone giant
  3640 | D        | Received a gift from Trog
  3641 | D        | Reached skill level 27 in Maces & Flails
  3644 | D        | Killed a cyan very ugly thing
  3645 | D        | Reached skill level 15 in Dodging
  3645 | D        | Reached skill level 1 in Stealth
  3646 | D        | Killed an ettin
  3649 | D        | Noticed a fire dragon
  3650 | D        | Noticed a lich
  3652 | D        | Reached XP level 14. HP: 163/163 MP: 13/13
  3652 | D        | Noticed a frost giant
  3655 | D        | Noticed a frost giant
  3658 | D        | Received a gift from Trog
  3661 | D        | Killed a lich
  3662 | D        | Noticed a fire giant
  3669 | D        | Killed a frost giant
  3674 | D        | Killed a frost giant
  3674 | D        | Received a gift from Trog
  3699 | D        | Killed a fire giant
  3700 | D        | Reached skill level 27 in Fighting
  3703 | D        | HP: 3/168 [tengu warrior (12)]
  3703 | D        | Slain by a tengu warrior

Illustrated notes

Levels and vault maps discovered:
D:        linesprint [early_d, line_temple, items_1, d_10, items_2, lair_1,
          lair_end, items_3, orc_1, orc_end, items_4, d_15, swamp_1, shoals_1,
          snake_1, spider_1, d_20, vaults_1, items_5, swamp_end, shoals_end,
          snake_end, spider_end, vaults_end, d_27, items_6, zot_1, zot_end,
          crypt_end, forest_end, elf_end, slime_end, tomb_end, abyss_end,
          pan_hell_end]

Skill      XL: |  1  2  3  4  5  6  7  8  9 10 11 12 13 14 |
---------------+-------------------------------------------+-----
Fighting       | 5 6 8 10 11 13 14 16 17 20 22 25 27 | 27.0
Maces & Flails | 5 6 9 10 12 14 16 19 21 23 25 27 | 27.0
Armour         | 3 4 5 6 7 8 9 11 14 17 20 21 | 21.4
Dodging        | 3 4 5 6 7 9 10 11 13 15 | 15.9
Unarmed Combat | 2 |  2.5
Stealth        | 1 2 |  2.3

Action                   |  1- 3 |  4- 6 |  7- 9 | 10-12 | 13-15 || total
-------------------------+-------+-------+-------+-------+-------++-------
Melee: Mace              |    13 |       |       |       |       ||    13
       Headbutt          |     2 |     2 |     4 |    28 |    31 ||    67
       Dire flail        |     7 |     5 |    20 |       |       ||    32
       Great mace        |       |       |    19 |   185 |   134 ||   338
       Unarmed           |       |       |       |     9 |       ||     9
Invok: Berserk           |     2 |       |     2 |     7 |     3 ||    14
       Brothers in Arms  |       |       |       |     1 |     1 ||     2
  Use: Scroll            |       |       |       |     9 |     1 ||    10
       Potion            |       |       |       |     7 |     5 ||    12
 Stab: Invisible         |       |       |       |       |     1 ||     1
Armor: Animal skin       |     2 |       |       |       |       ||     2
       Plate armour      |     3 |     2 |    18 |    77 |    59 ||   159
       Skin              |       |       |       |     1 |       ||     1
Dodge: Dodged            |     5 |       |    17 |    90 |    45 ||   157

Table legend: (Time is in decaauts)
 A = Elapsed time spent in this place.
 B = Non-inter-level travel time spent in this place.
 C = Inter-level travel time spent in this place.
 D = Time resting spent in this place.
 E = Time spent auto-exploring this place.
 F = Levels seen in this place.
 G = Mean time per level.
                   A        B        C        D        E       F      G
               +--------+--------+--------+--------+--------+-----+--------+
         Total |   3680 |   3680 |      0 |   1896 |    489 |   1 | 3680.0 |
       Dungeon |   3680 |   3680 |      0 |   1896 |    489 |   1 | 3680.0 |
               +--------+--------+--------+--------+--------+-----+--------+

Top non-repeatable levels by time:
       D: 3680 daAuts
